 Dungeon Crawl Stone Soup version 0.29.1-12-g30fa7ad0bf (webtiles) character file.

Game seed: 1516830970188829642

8704 zeram the Blocker (level 11, 0/89 HPs)
             Began as a Gnoll Fighter on Dec 26, 2022.
             Was a Believer of Qazlal.
             Succumbed to an orange demon's poison
             ... on level 9 of the Dungeon.
             The game lasted 00:17:34 (11108 turns).

zeram the Blocker (Gnoll Fighter)                  Turns: 11108, Time: 00:17:34

Health: 0/89       AC: 19    Str: 16    XL:     11   Next: 35%
Magic:  7/21       EV:  4    Int: 12    God:    Qazlal [**....]
Gold:   356        SH: 18    Dex: 11    Spells: 16/23 levels left

rFire   . . .      SeeInvis .   y - +7 broad axe of Floods {speed, rElec}
rCold   . . .      Faith    .   w - +0 tower shield
rNeg    . . .      Spirit   +   i - +0 plate armour
rPois   .          Reflect  .   p - +0 helmet
rElec   +          Harm     .   e - +0 cloak
rCorr   .          Rampage  .   D - +0 pair of gloves
Will    .....                   J - +0 pair of boots
Stlth   ..........              j - amulet of guardian spirit
HPRegen 0.24/turn               H - ring of flight
MPRegen 0.17/turn               (no ring)

@: lethally poisoned (0 -> -41), flying, slowed, very slow
A: fangs 1, strong nose, distributed training
a: Renounce Religion, Upheaval


You were on level 9 of the Dungeon.
You worshipped Qazlal.
Qazlal was pleased with you.
You visited 2 branches of the dungeon, and saw 10 of its levels.
You also visited: Ossuary.

You collected 500 gold pieces.
You spent 144 gold pieces at shops.

Inventory:

Hand Weapons
 a - a +0 war axe of freezing
 v - a +1 antimagic short sword
 y - the +7 broad axe of Floods (weapon) {speed, rElec}
   (You acquired it on level 5 of the Dungeon)

   Attacks with this weapon are significantly faster.
   rElec:     It insulates you from electricity.
Missiles
 F - a throwing net (quivered)
Armour
 b - a +0 scale mail
 c - a +0 buckler
 e - a +0 cloak (worn)
 i - a +0 plate armour (worn)
 p - a +0 helmet (worn)
 w - a +0 tower shield (worn)
 D - a +0 pair of gloves (worn)
 J - a +0 pair of boots (worn)
Jewellery
 j - an amulet of guardian spirit (around neck)
 x - an amulet of faith
 H - a ring of flight (left hand)
Wands
 d - a wand of digging (1)
 k - a wand of flame (6)
 G - a wand of charming (19)
Scrolls
 g - 2 scrolls of poison
 l - 6 scrolls of teleportation
 r - a scroll of brand weapon
 u - 2 scrolls of magic mapping
 A - 2 scrolls of identify
 B - 3 scrolls of silence
 C - 5 scrolls of amnesia
Potions
 f - 3 potions of attraction
 h - 2 potions of flight
 m - 2 potions of lignification
 n - 5 potions of curing
 o - 3 potions of ambrosia
 q - 2 potions of magic
 s - a potion of cancellation
 t - 2 potions of heal wounds
 z - 3 potions of might
 E - 2 potions of haste
 I - a potion of brilliance


   Skills:
 + Level 9.4 Fighting
 + Level 6.7 Short Blades
 + Level 6.7 Long Blades
 + Level 8.2 Axes
 + Level 6.7 Maces & Flails
 + Level 6.7 Polearms
 + Level 6.7 Staves
 + Level 6.7 Ranged Weapons
 + Level 6.7 Throwing
 + Level 9.4 Armour
 + Level 6.7 Dodging
 + Level 6.7 Stealth
 + Level 9.4 Shields
 + Level 6.7 Unarmed Combat
 + Level 6.7 Spellcasting
 + Level 5.5 Conjurations
 + Level 5.5 Hexes
 + Level 5.5 Summonings
 + Level 5.5 Necromancy
 + Level 5.5 Translocations
 + Level 5.5 Transmutations
 + Level 5.5 Fire Magic
 + Level 5.5 Ice Magic
 + Level 5.5 Air Magic
 + Level 5.5 Earth Magic
 + Level 5.5 Poison Magic
 + Level 7.3 Invocations
 + Level 6.7 Evocations


You had 16 spell levels left.
You knew the following spells:

 Your Spells              Type           Power      Damage    Failure   Level
a - Summon Hydra          Summ           8%         N/A       100%        7

Your spell library contained the following spells:

 Spells                   Type           Power      Damage    Failure   Level
 Poisonous Vapours        Pois/Air       34%        N/A       99%         2
 Sublimation of Blood     Necr           17%        N/A       99%         2
 Wereblood                Tmut           17%        N/A       99%         2
 Frozen Ramparts          Ice            34%        1d6       100%        3
 Stone Arrow              Conj/Erth      34%        3d9       100%        3
 Animate Armour           Summ/Erth      34%        N/A       100%        4
 Corpse Rot               Necr/Pois/Air  17%        N/A       100%        4
 Ice Form                 Ice/Tmut       17%        N/A       100%        4
 Summon Ice Beast         Ice/Summ       17%        N/A       100%        4
 Lehudib's Crystal Spear  Conj/Erth      8%         10d4      100%        8


Dungeon Overview and Level Annotations

Branches:
Dungeon (9/15)             Temple (1/1) D:7         Ossuary (visited)
   Lair: D:8-11         Orc: D:9-12

Altars:
Cheibriados
Dithmenos
Elyvilon
Fedhas
Gozag
Hepliaklqana
Kikubaaqudgha
Makhleb
Nemelex Xobeh
Qazlal
Ru
Sif Muna
Trog
Wu Jian
Xom
Yredelemnul
Zin
The Shining One

Shops:
D:3 ([(   D:4 [   D:7 *

Annotations:
D:9 Amaemon


Innate Abilities, Weirdness & Mutations

You have very sharp teeth.
Your uncanny sense of smell can sniff out nearby items.
Your experience applies equally to all skills.


Message History

You feel much better.
You feel extremely sick. You block the killer bee's attack. x2
The killer bee stings you but does no damage. x2
The killer bee stings you. The killer bee barely misses you.
You block the orange demon's attack. Amaemon hits you but does no damage.
You are more poisoned.
Amaemon claws you. Amaemon tail-slaps you.
The killer bee stings you but does no damage.
The killer bee barely misses you.
The shadow slips into darkness.
The shadow flickers and vanishes!
Deactivating autopickup; reactivate with Ctrl-A.
You block Amaemon's attack. Amaemon claws you but does no damage.
Amaemon tail-slaps you but does no damage.
The orange demon stings you from afar.
You are lethally poisoned!
The orange demon poisons you!
As you read the scroll of teleportation, it crumbles to dust.
You feel strangely unstable.
* * * LOW HITPOINT WARNING * * *
You feel extremely sick. You block the killer bee's attack. x2
The killer bee stings you but does no damage.
You block the killer bee's attack.
The killer bee stings you but does no damage. x2
You block the killer bee's attack.
The orange demon stings you but does no damage.
Amaemon casts a spell at the killer bee.
The killer bee seems to grow toxic.
The killer bee stings you but does no damage.
The killer bee stings you.
* * * LOW HITPOINT WARNING * * *
You block the killer bee's attack.
The killer bee stings you but does no damage.
Unknown command.
Amaemon attacks as you move away! Amaemon barely misses you.
You block Amaemon's attack. x2
Your surroundings suddenly seem different.
You die...

#...
#..#
#...
#..#
#<..
#..#
#...
#..#
#...
#..#
#...
#..#
#...
#..#
#...
#@.#
#...
#..#
#...
#..#
#..#
#..#
#..#
#...
#...


There were no monsters in sight!

Vanquished Creatures
  A two-headed ogre (D:6)
  Sigmund (D:2)
  2 wraiths (Ossuary)
  A wyvern (D:9)
  5 black bears
  4 ogres
  2 kobold brigands (D:8)
  3 bullfrogs
  A necrophage (D:6)
  Blork the orc (D:5)
  3 scorpions
  A gnoll sergeant (D:5)
  11 wights
  8 killer bees
  A howler monkey (D:4)
  A crimson imp (D:4)
  5 orc priests
  5 hounds
  A jelly (D:6)
  Crazy Yiuf (D:2)
  8 iguanas
  Terence (D:2)
  Natasha (thrice) (D:2)
  14 orc wizards
  Robin (D:2)
  16 gnolls
  8 adders
  3 shadow imps
  2 white imps
  An ufetubus (D:7)
  2 adder zombies (Ossuary)
  4 worms
  39 orcs
  6 endoplasms
  5 giant cockroaches
  12 hobgoblins
  6 jackals (D:1)
  5 quokkas
  4 ball pythons
  A ball python skeleton (Ossuary)
  6 bats
  3 frilled lizards
  17 goblins
  2 hobgoblin zombies (Ossuary)
  18 kobolds
  2 kobold zombies (Ossuary)
  An orc zombie (Ossuary)
  6 rats
254 creatures vanquished.

Notes
Turn   | Place    | Note
-------+----------+-------------------------------------------
     0 | D:1      | zeram the Gnoll Fighter began the quest for the Orb.
     0 | D:1      | Reached XP level 1. HP: 23/23 MP: 1/1
   209 | D:1      | Reached XP level 2. HP: 15/29 MP: 2/2
   470 | D:1      | Reached XP level 3. HP: 33/35 MP: 3/3
   615 | D:1      | Found a faded altar of an unknown god.
   809 | D:1      | Reached skill level 1 in Invocations
  1123 | D:2      | Found a runed translucent door.
  1124 | D:2      | Noticed Crazy Yiuf
  1180 | D:2      | Noticed Terence
  1192 | D:2      | Killed Terence
  1193 | D:2      | Reached skill level 1 in Short Blades
  1193 | D:2      | Reached skill level 1 in Long Blades
  1193 | D:2      | Reached skill level 1 in Maces & Flails
  1193 | D:2      | Reached skill level 1 in Polearms
  1193 | D:2      | Reached skill level 1 in Staves
  1193 | D:2      | Reached skill level 1 in Ranged Weapons
  1193 | D:2      | Reached skill level 1 in Throwing
  1193 | D:2      | Reached skill level 1 in Dodging
  1193 | D:2      | Reached skill level 1 in Stealth
  1193 | D:2      | Reached skill level 1 in Unarmed Combat
  1193 | D:2      | Reached skill level 1 in Spellcasting
  1193 | D:2      | Reached skill level 1 in Evocations
  1193 | D:2      | Reached XP level 4. HP: 29/41 MP: 5/5
  1318 | D:2      | HP: 1/41 [gnoll/+0 flail (8)]
  1641 | D:1      | Reached skill level 1 in Conjurations
  1641 | D:1      | Reached skill level 1 in Hexes
  1641 | D:1      | Reached skill level 1 in Summonings
  1641 | D:1      | Reached skill level 1 in Necromancy
  1641 | D:1      | Reached skill level 1 in Translocations
  1641 | D:1      | Reached skill level 1 in Transmutations
  1641 | D:1      | Reached skill level 1 in Fire Magic
  1641 | D:1      | Reached skill level 1 in Ice Magic
  1641 | D:1      | Reached skill level 1 in Air Magic
  1641 | D:1      | Reached skill level 1 in Earth Magic
  1641 | D:1      | Reached skill level 1 in Poison Magic
  1920 | D:2      | Noticed Natasha
  1930 | D:2      | Killed Natasha
  1931 | D:2      | Reached XP level 5. HP: 22/47 MP: 7/7
  1999 | D:2      | Noticed Natasha
  2012 | D:2      | Killed Natasha
  2342 | D:2      | Noticed Robin
  2360 | D:2      | Killed Robin
  2465 | D:2      | Noticed Sigmund
  2475 | D:2      | Killed Sigmund
  2476 | D:2      | Reached skill level 5 in Axes
  2476 | D:2      | Reached XP level 6. HP: 43/53 MP: 7/9
  2826 | D:2      | Noticed Natasha
  2878 | D:2      | Killed Natasha
  2886 | D:2      | Killed Crazy Yiuf
  2887 | D:2      | Reached XP level 7. HP: 30/58 MP: 10/10
  3115 | D:3      | Found Eroest's Weapon Emporium.
  3759 | D:3      | Found Jiurghant's Jewellery Emporium.
  3872 | D:3      | Found Wizogudgh's Antique Weapon Boutique.
  4101 | D:3      | Found Wiewi's Antique Armour Emporium.
  4344 | D:3      | Bought a tower shield for 144 gold pieces
  4665 | D:4      | Found Imolev's Antique Armour Shoppe.
  4817 | D:4      | Found a glowing golden altar of the Shining One.
  4817 | D:4      | Found a white marble altar of Elyvilon.
  4840 | D:4      | Reached XP level 8. HP: 64/67 MP: 12/12
  5453 | D:5      | Entered Level 5 of the Dungeon
  5496 | D:5      | Noticed Blork the orc
  5511 | D:5      | Killed Blork the orc
  5771 | D:5      | Found an opulent altar of Gozag.
  5972 | D:5      | Found an ornate altar of the Wu Jian Council.
  6716 | D:5      | Found a hazy altar of Hepliaklqana.
  6787 | D:5      | Identified a scroll of acquirement
  6787 | D:5      | Acquired the +7 broad axe of Floods {speed, rElec}
  6881 | D:5      | Found a shimmering blue altar of Sif Muna.
  6881 | D:5      | Found a sacrificial altar of Ru.
  6882 | D:5      | Found a sparkling altar of Nemelex Xobeh.
  6951 | D:5      | Found a bloodstained altar of Trog.
  7143 | D:6      | Reached XP level 9. HP: 73/73 MP: 14/14
  7151 | D:6      | Learned a level 7 spell: Summon Hydra
  7318 | D:6      | Noticed a two-headed ogre
  7327 | D:6      | Killed a two-headed ogre
  7742 | D:6      | Reached skill level 5 in Invocations
  8509 | D:7      | Found a staircase to the Ecumenical Temple.
  8518 | Temple   | Entered the Ecumenical Temple
  8560 | Temple   | Became a worshipper of Qazlal Stormbringer
  8728 | D:7      | Found a sand-covered staircase.
  8737 | Ossuary  | Entered an ossuary
  9008 | Ossuary  | Reached skill level 5 in Short Blades
  9008 | Ossuary  | Reached skill level 5 in Long Blades
  9008 | Ossuary  | Reached skill level 5 in Maces & Flails
  9008 | Ossuary  | Reached skill level 5 in Polearms
  9008 | Ossuary  | Reached skill level 5 in Staves
  9008 | Ossuary  | Reached skill level 5 in Ranged Weapons
  9008 | Ossuary  | Reached skill level 5 in Throwing
  9008 | Ossuary  | Reached skill level 5 in Dodging
  9008 | Ossuary  | Reached skill level 5 in Stealth
  9008 | Ossuary  | Reached skill level 5 in Unarmed Combat
  9008 | Ossuary  | Reached skill level 5 in Spellcasting
  9008 | Ossuary  | Reached skill level 5 in Evocations
  9008 | Ossuary  | Reached XP level 10. HP: 74/81 MP: 15/17
  9053 | Ossuary  | Reached * piety under Qazlal
  9202 | Ossuary  | Reached skill level 5 in Conjurations
  9202 | Ossuary  | Reached skill level 5 in Hexes
  9202 | Ossuary  | Reached skill level 5 in Summonings
  9202 | Ossuary  | Reached skill level 5 in Necromancy
  9202 | Ossuary  | Reached skill level 5 in Translocations
  9202 | Ossuary  | Reached skill level 5 in Transmutations
  9202 | Ossuary  | Reached skill level 5 in Fire Magic
  9202 | Ossuary  | Reached skill level 5 in Ice Magic
  9202 | Ossuary  | Reached skill level 5 in Air Magic
  9202 | Ossuary  | Reached skill level 5 in Earth Magic
  9202 | Ossuary  | Reached skill level 5 in Poison Magic
  9202 | Ossuary  | Reached XP level 11. HP: 89/89 MP: 17/20
  9371 | D:7      | Found Ysoyhaeb's Lightly-Used Armoury.
 10187 | D:8      | Reached ** piety under Qazlal
 11078 | D:9      | Found a shadowy altar of Dithmenos.
 11092 | D:9      | Noticed Amaemon
 11108 | D:9      | Succumbed to an orange demon's poison

Illustrated notes

Levels and vault maps discovered:
D:1:      scummos_arrival_simple_crosswalls, layout_basic,
          shapermc_ecumenical_altar_venn
D:2:      kb_forest_paths, layout_basic, uniq_crazy_yiuf_cottage, uniq_terence,
          uniq_robin, uniq_sigmund, uniq_natasha
D:3:      layout_loops_corners, serial_shops, shop, shop_fountains,
          nicolae_square_shop, nicolae_square_shop, wad_rectangle_vault
D:4:      layout_loops_ring, jmf_multi_god_temple, serial_shops,
          kennysheep_mini_moat, minmay_fire_ice_demons
D:5:      layout_loops_ring, trog_butcher_becter, nzn_wu_jian_contemplation,
          mainiacjoe_overflow_six_doors_small, gammafunk_temple_overflow_claw,
          lemuel_round_altar, minivault_27, uniq_blork_the_orc
D:6:      layout_gridville
D:7:      layout_loops_cross, minmay_temple_entry_mist, enter_bailey_4,
          chequers_ossuary_entry_cave, minmay_shop_damaged, st_stairs_7,
          kennysheep_decorative_pillar
D:8:      layout_basic, st_stairs_6
D:9:      layout_long_grid, nicolae_dithmenos_shadow_blocks,
          gammafunk_ghost_hydra_chop, reono_crystal_passage, uniq_maggie,
          uniq_amaemon, uniq_erica
Temple:   nicolae_temple_ecumenical_triangle

Skill      XL: |  1  2  3  4  5  6  7  8  9 10 |
---------------+-------------------------------+-----
Invocations    | 1 2 3 4 5 7 |  7.3
Short Blades   | 1 2 3 5 6 |  6.7
Long Blades    | 1 2 3 5 6 |  6.7
Maces & Flails | 1 2 3 5 6 |  6.7
Polearms       | 1 2 3 5 6 |  6.7
Staves         | 1 2 3 5 6 |  6.7
Ranged Weapons | 1 2 3 5 6 |  6.7
Throwing       | 1 2 3 5 6 |  6.7
Dodging        | 1 2 3 5 6 |  6.7
Stealth        | 1 2 3 5 6 |  6.7
Unarmed Combat | 1 2 3 5 6 |  6.7
Spellcasting   | 1 2 3 5 6 |  6.7
Evocations     | 1 2 3 5 6 |  6.7
Conjurations   | 1 2 3 4 5 |  5.5
Hexes          | 1 2 3 4 5 |  5.5
Summonings     | 1 2 3 4 5 |  5.5
Necromancy     | 1 2 3 4 5 |  5.5
Translocations | 1 2 3 4 5 |  5.5
Transmutations | 1 2 3 4 5 |  5.5
Fire Magic     | 1 2 3 4 5 |  5.5
Ice Magic      | 1 2 3 4 5 |  5.5
Air Magic      | 1 2 3 4 5 |  5.5
Earth Magic    | 1 2 3 4 5 |  5.5
Poison Magic   | 1 2 3 4 5 |  5.5
Axes           | 5 6 8 |  8.2
Fighting       | 7 8 9 |  9.4
Armour         | 7 8 9 |  9.4
Shields        | 7 8 9 |  9.4

Action                   |  1- 3 |  4- 6 |  7- 9 | 10-12 || total
-------------------------+-------+-------+-------+-------++-------
Melee: War axe           |    69 |   118 |   247 |       ||   434
       Bite              |     2 |    13 |    52 |    15 ||    82
       Short sword       |       |       |    77 |       ||    77
       Broad axe         |       |       |   134 |   152 ||   286
Evoke: Wand              |       |       |     5 |       ||     5
  Use: Scroll            |     1 |     8 |    12 |     4 ||    25
       Potion            |       |     2 |       |     2 ||     4
Armor: Scale mail        |    33 |       |       |       ||    33
       Plate armour      |       |    76 |   273 |   105 ||   454
Dodge: Dodged            |    33 |    33 |    39 |    28 ||   133
Block: Buckler           |    22 |    33 |    14 |       ||    69
       Tower shield      |       |       |   314 |   161 ||   475
